 Dungeon Crawl Stone Soup version 0.31-a0-426-g3a05650e59 (webtiles) character file.

Game seed: 16301845208576521641

50 shadowstone the Changeling (level 3, -2/23 HPs)
             Began as an Octopode Shapeshifter on July 30, 2023.
             Slain by a goblin
             ... wielding a +0 club
             ... led by Robin
              (4 damage)
             ... on level 2 of the Dungeon.
             The game lasted 00:02:33 (977 turns).

shadowstone the Changeling (Octopode Shapeshifter)   Turns: 977, Time: 00:02:38

Health: -2/23      AC:  1    Str: 14    XL:     3   Next: 79%
Magic:  3/3        EV: 13    Int: 12    God:
Gold:   0          SH:  0    Dex: 12    Spells: 2/2 levels left

rFire   . .          .
                       - Unarmed
rCold   . . .        (no shield)
rNeg    . . .        (helmet currently unavailable)
rPois   .            (no amulet)
rElec   .            (no ring)
rCorr   .            (no ring)
SInv    .            (no ring)
Will    .....        (no ring)
Stlth   +++          (no ring)
HPRegen 0.23/turn    (no ring)
MPRegen 0.08/turn    (no ring)
                     (no ring)

%: no passive effects
@: beast-form
A: beast (slay +2), almost no armour, amphibious, 8 rings, camouflage 1,
gelatinous body 1, (nimble swimmer 1), tentacles
a: Begin Untransformation


You were on level 2 of the Dungeon.
You were a hulking beast.
You visited 1 branch of the dungeon, and saw 2 of its levels.

Inventory:

Talismans
 b - a beast talisman (active)
Scrolls
 c - a scroll of teleportation {unknown}
 d - a scroll of identify {unknown}
Potions
 a - a potion of lignification
 e - a potion of curing {unknown}


   Skills:
 + Level 1.0 Fighting
 + Level 2.2 Dodging
 + Level 1.1 Stealth
 + Level 3.3 Unarmed Combat
 * Level 0.4 Spellcasting
 + Level 3.6 Shapeshifting


You had 2 spell levels left.
You didn't know any spells.
Your spell library contained the following spells:

 Spells                   Type           Power      Damage    Failure   Level
 Summon Small Mammal      Summ           0%         N/A       32%         1
 Call Canine Familiar     Summ           0%         N/A       67%         3
 Summon Guardian Golem    Hex/Summ       0%         N/A       67%         3


Dungeon Overview and Level Annotations

Branches:
Dungeon (2/15)

Altars:


Innate Abilities, Weirdness & Mutations

You are a hulking beast.
Your limbs bulge with bestial killing power. (Slay +2)
You cannot wear most types of armour.
You are amphibious.
You can wear up to eight rings at the same time.
Your skin changes colour to match your surroundings (Stealth+).
Your rubbery body absorbs attacks. (AC +1, EV +1)
((You are camouflaged when in or above water. (Stealth+)))
You have tentacles for arms and can constrict up to eight enemies at once.


Message History

You tentacle-slap the hobgoblin but do no damage.
Your squeeze misses the hobgoblin.
The hobgoblin is moderately wounded.
You constrict the hobgoblin, but do no damage.
The hobgoblin hits you. The goblin hits you but does no damage.
You tentacle-slap the hobgoblin.
You kill the hobgoblin!
The goblin closely misses you.
You tentacle-slap Robin. You grab Robin. Your squeeze misses Robin.
Robin is lightly wounded.
You constrict Robin. Robin misses you.
An endoplasm comes into view.
The goblin barely misses you.
You tentacle-slap Robin but do no damage.
You squeeze Robin!
Robin is severely wounded.
You constrict Robin. The goblin hits you with a +0 club.
Robin hits you with a +0 falchion.
You tentacle-slap Robin.
You kill Robin!
The goblin attacks as you move away! The goblin hits you with a +0 club!
* * * LOW HITPOINT WARNING * * *
Items here: )) [[ ††.
The endoplasm misses you.
You tentacle-slap the endoplasm. You squeeze the endoplasm.
You kill the endoplasm!
The goblin barely misses you. The goblin attacks as you move away!
The goblin barely misses you. The goblin attacks as you move away!
The goblin closely misses you.
Found an escape hatch in the floor.
The goblin attacks as you move away!
The goblin completely misses you. 2 goblins come into view.
You closely miss the goblin.
The goblin shouts! x2
Your grab misses the goblin.
You hear a shout!
The goblin hits you with a +0 club.
* * * LOW HITPOINT WARNING * * *
The goblin hits you with a +0 club.
You die...

.#..# ....# #...# ..
#...# #...#.. ##..#
#...#.###. #)..#
#...#..... ....# .g.....
)...# ....
....############g#
#.....?.)......gh#
##.#############........
#..# #.#####.# ..## #.#
...# #.# ##.# #.# .# #>#
+.#


You could see 3 goblins.

Vanquished Creatures
  Robin (D:2)
  2 dart slugs
  4 bats
  4 endoplasms
  6 goblins
  6 hobgoblins
  4 ball pythons (D:1)
  A frilled lizard (D:1)
  3 kobolds
  A rat (D:1)
32 creatures vanquished.

Notes
Turn   | Place    | Note
-------+----------+-------------------------------------------
     0 | D:1      | shadowstone the Octopode Shapeshifter began the quest for
                  | the Orb.
     0 | D:1      | Reached XP level 1. HP: 13/13 MP: 1/1
   164 | D:1      | Reached XP level 2. HP: 18/18 MP: 2/2
   514 | D:1      | Reached XP level 3. HP: 13/23 MP: 3/3
   956 | D:2      | Noticed Robin
   961 | D:2      | Reached skill level 1 in Stealth
   966 | D:2      | Killed Robin
   977 | D:2      | Slain by a goblin

Illustrated notes

Levels and vault maps discovered:
D:1:      spicycebolla_green_bress_n_ham, layout_basic,
          nicolae_concentric_dashed_squares_wild
D:2:      layout_basic, minmay_strange_pillars, uniq_sigmund, uniq_jessica,
          uniq_robin

Skill      XL: |  1  2  3 |
---------------+----------+-----
Stealth        | 1 |  1.1
Fighting       | |  1.0
Dodging        | |  2.2
Unarmed Combat | |  3.3
Spellcasting   | |  0.4
Shapeshifting  | |  3.6

Action                     || total
---------------------------++-------
  Melee: Unarmed           ||    51
         Constrict         ||    14
         Tentacles         ||     9
         Punch             ||     2
   Stab: Sleeping          ||     3
 Armour: Skin              ||    11
  Dodge: Dodged            ||    72

Table legend: (Time is in decaauts)
 A = Elapsed time spent in this place.
 B = Non-inter-level travel time spent in this place.
 C = Inter-level travel time spent in this place.
 D = Time resting spent in this place.
 E = Time spent auto-exploring this place.
 F = Levels seen in this place.
 G = Mean time per level.
                   A        B        C        D        E       F      G
               +--------+--------+--------+--------+--------+-----+--------+
         Total |    973 |    973 |      0 |     55 |    423 |   2 |  486.5 |
       Dungeon |    973 |    973 |      0 |     55 |    423 |   2 |  486.5 |
               +--------+--------+--------+--------+--------+-----+--------+

Top non-repeatable levels by time:
     D:1: 882 daAuts
     D:2: 91 daAuts
